Map: Dusty Gorge

Players

OMOI - Winner!

  • Race: Zerg Zerg
  • Spawn Location: 3:00

ILIEKEGGPIE - Winner!

  • Race: Protoss Protoss
  • League: Platinum
  • Spawn Location: 5:00

Matos

  • Race: Zerg Zerg
  • Spawn Location: 11:00

Петуч

  • Race: Protoss Protoss
  • League: Diamond
  • Spawn Location: 9:00

VOD

Have the link to the VOD?

Description

Time

  • Played on: June 2, 2018, 3:02 p.m.
  • Length: 9:27
Show
View Real Time Build Order
Export as new Build Order

OMOI Zerg - Winner!

Build Orders: Hatch First 

Get SALT Encoding   

  12  0:06  Drone  
  13  0:09  Drone  
  14  0:21  Overlord  
  14  0:40  Drone  
  14  0:41  Drone x2  
  17  0:51  Drone  
  18  1:02  Drone  
  19  1:05  Extractor  
  18  1:13  Drone  
  18  1:15  Hatchery  
  18  1:24  Drone  
  19  1:27  Spawning Pool  
  18  1:34  Drone  
  19  1:45  Drone  
  20  1:56  Drone  
  21  2:07  Overlord  
  21  2:19  Drone  
  22  2:25  Queen  
  22  2:27  Queen  
  22  2:28  Drone x2  
  28  2:34  Roach Warren  
  27  2:38  Spore Crawler, Drone  
  27  2:39  Drone  
  28  2:49  Drone x2  
  30  3:01  Overlord, Drone  
  31  3:10  Spore Crawler  
  30  3:13  Overlord  
  30  3:20  Spine Crawler  
  30  3:23  Roach x3  
  30  3:24  Spine Crawler  
  34  3:32  Roach  
  34  3:34  Roach, Zergling x2  
  39  3:46  Roach x2  
  39  3:47  Roach  
  39  3:48  Drone  
  46  3:49  Drone  
  44  4:01  Drone  
  44  4:02  Drone x2  
  46  4:13  Drone x2  
  46  4:14  Drone x3  
  51  4:28  Overlord  
  51  4:29  Overlord  
  51  4:40  Lair  
  52  4:52  Drone  
  52  4:53  Drone x7  
  52  4:54  Drone  
  60  5:02  Extractor  
  60  5:04  Extractor  
  58  5:14  Overlord  
  58  5:15  Overlord  
  58  5:23  Hatchery  
  58  5:26  Extractor  
  56  5:33  Extractor  
  55  5:37  Drone x5  
  55  5:38  Drone  
  61  5:46  Roach x3  
  67  5:58  Hydralisk Den  
  67  5:59  Drone x5  
  71  6:14  Evolution Chamber  
  71  6:17  Evolution Chamber x2  
  68  6:20  Roach x3  
  68  6:21  Roach  
  76  6:32  Glial Reconstitution  
  76  6:34  Grooved Spines  
  76  6:36  Drone x3, Hydralisk  
  81  6:43  Queen  
  83  6:50  Overseer x2  
  83  7:00  Hydralisk x3  
  89  7:04  Zerg Melee Weapons Level 1  
  89  7:05  Zerg Missile Weapons Level 1  
  89  7:09  Zerg Ground Armor Level 1  
  89  7:12  Overlord  
  89  7:29  Overlord x3  
  89  7:54  Hydralisk x6  
  100  8:07  Drone x5  
  100  8:08  Drone x5  
  110  8:13  Spore Crawler  
  110  8:18  Spine Crawler  
  110  8:19  Spine Crawler  
  96  8:31  Zergling x2  
  96  8:32  Zergling x8  
  96  8:33  Zergling x2  
  102  8:39  Spire  
Show
View Real Time Build Order
Export as new Build Order

ILIEKEGGPIE Protoss - Winner!

Build Orders: 1 Gate Expand, Phoenix Opening 

Get SALT Encoding   

  12  0:01  Probe  
  13  0:13  Probe  
  14  0:19  Pylon  
  14  0:25  Probe  
  15  0:33  Probe  
  15  0:42  Probe  
  16  0:43  Gateway  
  17  0:54  Probe  
  17  0:56  Assimilator  
  18  1:07  Probe  
  19  1:19  Probe  
  20  1:33  Nexus  
  20  1:45  Cybernetics Core  
  20  1:47  Probe  
  21  1:58  Pylon  
  21  2:00  Probe  
  22  2:02  Assimilator  
  22  2:12  Probe  
  23  2:21  Warp Gate  
  23  2:30  Pylon  
  23  2:32  Adept  
  25  2:42  Probe  
  25  2:46  Probe  
  25  2:50  Probe  
  27  2:53  Stargate  
  27  2:58  Probe  
  29  3:09  Probe x2  
  31  3:15  Stargate  
  31  3:17  Probe  
  31  3:18  Probe  
  31  3:25  Probe  
  31  3:26  Probe  
  33  3:31  Pylon  
  35  3:34  Sentry  
  35  3:35  Probe  
  35  3:36  Probe  
  35  3:40  Phoenix  
  41  3:47  Probe  
  42  4:01  Phoenix  
  44  4:11  Phoenix  
  44  4:12  Assimilator  
  44  4:16  Assimilator  
  44  4:18  Pylon  
  46  4:24  Pylon x2  
  46  4:37  Probe  
  46  4:41  Probe  
  44  4:45  Probe  
  42  4:53  Probe  
  42  4:55  Phoenix x2, Probe  
  48  5:04  Shield Battery  
  48  5:05  Probe  
  49  5:07  Probe  
  50  5:14  Pylon  
  50  5:16  Pylon  
  50  5:17  Probe  
  50  5:20  Phoenix, Probe  
  54  5:24  Phoenix  
  56  5:29  Probe  
  56  5:30  Gateway  
  56  5:32  Probe  
  58  5:45  Phoenix  
  58  5:49  Phoenix, Stargate  
  62  5:51  Probe  
  63  6:10  Phoenix  
  65  6:14  Phoenix  
  67  6:35  Phoenix  
  67  6:39  Phoenix  
  71  6:40  Phoenix  
  71  6:45  Probe  
  74  6:54  Nexus  
  74  6:55  Pylon  
  74  6:58  Pylon  
  74  7:00  Phoenix  
  76  7:03  Shield Battery  
  76  7:10  Probe x2  
  78  7:22  Probe  
  79  8:17  Gateway  
  79  8:18  Gateway x2  
  79  8:21  Gateway  
  79  8:28  Robotics Facility  
  79  8:32  Robotics Facility  
  89  9:20  Robotics Bay  
  89  9:22  Assimilator  
Show
View Real Time Build Order
Export as new Build Order

Matos Zerg 

Build Orders: Pool First 

Get SALT Encoding   

  12  0:02  Drone  
  13  0:09  Drone  
  14  0:21  Overlord  
  14  0:36  Spawning Pool  
  14  0:37  Drone  
  14  0:42  Drone  
  15  0:49  Drone  
  16  0:53  Extractor  
  16  0:55  Drone  
  16  1:03  Drone  
  17  1:10  Drone  
  18  1:31  Hatchery  
  17  1:33  Queen  
  17  1:39  Drone  
  20  1:42  Drone  
  21  1:51  Extractor  
  21  1:52  Drone  
  21  2:03  Drone  
  22  2:09  Spore Crawler  
  21  2:19  Drone  
  21  2:21  Lair  
  21  2:22  Overlord  
  22  2:33  Spine Crawler  
  21  2:38  Drone  
  21  2:44  Spine Crawler  
  21  2:46  Spine Crawler  
  21  2:49  Drone x2  
  22  2:52  Drone  
  23  3:03  Queen  
  25  3:30  Drone  
  26  3:36  Hydralisk Den  
  26  3:38  Evolution Chamber  
  26  3:40  Drone x2  
  26  3:43  Drone x4  
  26  3:45  Drone  
  32  3:48  Drone  
  32  4:11  Nydus Network  
  32  4:15  Baneling Nest  
  32  4:17  Drone x2  
  32  4:23  Extractor  
  31  4:25  Extractor  
  31  4:28  Drone x5  
  31  4:29  Drone  
  36  4:37  Overlord  
  36  4:42  Overlord  
  36  4:47  Overlord  
  36  4:54  Muscular Augments  
  36  4:58  Centrifical Hooks  
  36  5:04  Drone x2  
  36  5:05  Drone  
  40  5:07  Drone  
  40  5:09  Drone  
  40  5:11  Drone  
  40  5:13  Drone  
  43  5:15  Drone  
  43  5:17  Drone  
  43  5:19  Drone  
  46  5:21  Drone  
  47  5:29  Overseer  
  47  5:31  Pneumatized Carapace  
  47  5:39  Zergling x10  
  47  5:40  Zergling x4  
  54  5:59  Zergling x4  
  54  6:00  Zergling x6  
  59  6:10  Grooved Spines  
  59  6:11  Zerg Melee Weapons Level 1  
  59  6:14  Lurker Den  
  58  6:20  Spore Crawler  
  58  6:23  Spore Crawler  
  58  6:24  Spore Crawler  
  55  6:37  Hydralisk x2  
  59  6:40  Overlord x2  
  59  6:41  Overlord x4  
  59  6:48  Baneling x6  
  59  6:49  Baneling x6  
  59  6:50  Baneling  
  59  6:51  Baneling x2  
  59  7:04  Baneling x6  
  59  7:05  Baneling x3  
  58  7:29  Nydus Canal  
  58  7:37  Hydralisk x2  
  58  7:38  Hydralisk x6  
  63  8:17  Spire  
  63  8:19  Drone x3  
  65  8:31  Hydralisk  
  65  8:32  Hydralisk x5  
  77  8:43  Hatchery  
Show
View Real Time Build Order
Export as new Build Order

Петуч Protoss 

Build Orders: Oracle Opening 

Get SALT Encoding   

  12  0:03  Probe  
  13  0:20  Probe  
  14  0:29  Pylon  
  14  0:32  Probe  
  15  0:45  Probe  
  15  0:49  Gateway  
  16  0:53  Probe  
  16  0:55  Assimilator  
  16  1:01  Probe  
  17  1:07  Assimilator  
  17  1:11  Probe  
  19  1:19  Probe  
  20  1:28  Pylon, Probe  
  21  1:37  Cybernetics Core  
  21  1:40  Probe  
  22  1:52  Probe  
  23  2:07  Adept  
  23  2:13  Warp Gate  
  23  2:18  Nexus  
  25  2:29  Probe  
  26  2:32  Stargate  
  26  2:38  Adept  
  26  2:42  Probe  
  26  2:43  Pylon  
  29  2:54  Probe  
  29  2:58  Twilight Council  
  30  3:05  Oracle  
  30  3:06  Probe  
  31  3:18  Probe  
  35  3:20  Pylon  
  35  3:30  Probe  
  36  3:36  Probe  
  37  3:43  Shield Battery  
  35  4:00  Probe x2  
  35  4:15  Gateway  
  35  4:16  Gateway  
  35  4:18  Gateway  
  35  4:19  Gateway  
  35  4:20  Probe x2  
  35  4:24  Pylon  
  37  4:26  Sentry  
  39  4:51  Stalker  
  38  4:57  Forge  
  38  4:58  Blink, Probe, Pylon  
  38  4:59  Probe  
  40  5:01  Pylon  
  40  5:11  Probe x2  
  40  5:13  Stalker  
  40  5:14  Stalker x2  
  46  5:16  Stalker  
  50  5:23  Probe x2  
  50  5:25  Assimilator  
  50  5:27  Pylon  
  52  5:30  Protoss Ground Weapons Level 1  
  52  5:31  Assimilator  
  52  5:35  Probe  
  49  5:53  Stalker x3  
  55  6:05  Probe x2  
  57  6:15  Photon Cannon  
  57  6:19  Photon Cannon  
  57  6:20  Stalker  
  57  6:24  Stalker  
  57  6:27  Stalker  
  57  6:32  Stalker  
  57  6:39  Stalker  
  57  6:44  Stalker  
  59  6:50  Photon Cannon  
  59  6:54  Photon Cannon  
  59  6:59  Photon Cannon  
  59  7:00  Probe x2  
  61  7:12  Probe x2  
  61  7:14  Templar Archives  
  63  7:24  Probe x2  
  65  7:34  Stalker x2  
  69  7:49  Sentry  
  71  7:53  Nexus  
  71  7:55  Probe x2  
  71  7:56  Pylon  
  73  8:07  Probe x2  
  73  8:12  Robotics Facility  
  75  8:14  Pylon x2  
  75  8:17  Gateway  
  59  8:28  Stalker  
  59  8:29  Stalker x3  
  59  8:31  Probe  
  59  8:32  Probe  
  61  8:52  Stalker x3  
  61  8:53  Stalker x2  
  56  9:17  Stalker x3  
  56  9:18  Stalker  
Tags
 
Add a new tag
Caveats
  • Supply blocks, unpowered buildings, or Contaminate may cause inaccurate times.
  • Supply counts are checked every 10 seconds.